 Dungeon Crawl Stone Soup version 0.28-a0-312-gbced6e68ee (webtiles) character file.

Game seed: 14438485565690503431

4127 frimble the Magician (level 10, -3/111 (115) HPs)
             Began as a Gnoll Wanderer on Aug 30, 2021.
             Was an Initiate of Cheibriados.
             Slain by a hornet (12 damage)
             ... on level 8 of the Dungeon.
             The game lasted 00:16:32 (10597 turns).

frimble the Magician (Gnoll Wanderer)              Turns: 10597, Time: 00:16:33

HP:   -3/111 (115)  AC: 25    Str: 13 (16) XL:     10   Next: 27%
MP:   20/20         EV:  2    Int: 19 (21) God:    Cheibriados [......]
Gold: 261           SH:  5    Dex:  7 (10) Spells: 20/23 levels left

rFire   . . .      SeeInvis .   E - +8 mace of Frustration {vamp, rElec rC+ rN+}
rCold   + + .      Faith    .   (no shield)
rNeg    + + +      Spirit   .   (armour currently unavailable)
rPois   +          Reflect  +   (helmet currently unavailable)
rElec   +          Harm     .   (cloak currently unavailable)
rCorr   .          Rampage  .   (gloves currently unavailable)
Will    .....      NoTele   +   (boots currently unavailable)
Stlth   ++........              h - amulet of reflection
HPRegen 0.28/turn               r - ring of protection from cold
MPRegen 0.17/turn               u - +6 ring of intelligence

@: mighty, brilliant, tree-form, very slightly contaminated, lightly drained,
invisible, very slow
A: stationary, stasis, torment immunity, boosted hp, (fangs 1), strong nose,
distributed training
a: Renounce Religion, Bend Time


You were on level 8 of the Dungeon.
You worshipped Cheibriados.
Cheibriados was noncommittal.
You were a tree.
You visited 2 branches of the dungeon, and saw 9 of its levels.
You also visited: Sewer.

You collected 321 gold pieces.
You spent 60 gold pieces at shops.

Inventory:

Hand Weapons
 a - a +2 hand crossbow
 c - a +2 short sword of venom
 E - the +8 mace of Frustration (weapon) {vamp, rElec rC+ rN+}
   (You found it on level 7 of the Dungeon)

   It occasionally heals its wielder for a portion of the damage dealt when it
   wounds a living foe.
   rC:        It protects you from cold.
   rElec:     It insulates you from electricity.
   rN:        It protects you from negative energy.
Missiles
 n - 103 bolts
 w - a throwing net (quivered)
 y - 7 curare-tipped darts
 C - 21 poisoned darts
Armour
 i - a +0 buckler
 z - the +2 robe of Nol Moam (melded) {Int+6}
   (You found it on level 5 of the Dungeon)

   Int:       It affects your intelligence (+6).
 B - the +2 helmet of Untruth (melded) {Regen+ Str-4 Dex+8 Stlth-}
   (You found it on level 6 of the Dungeon)

   Str:       It affects your strength (-4).
   Dex:       It affects your dexterity (+8).
   Regen:     It increases your rate of health regeneration.
   Stlth:     It makes you less stealthy.
Jewellery
 e - a ring of protection from cold
 h - an amulet of reflection (around neck)
 r - a ring of protection from cold (left branch)
 u - a +6 ring of intelligence (right branch)
 x - a +4 ring of evasion
Wands
 b - a wand of mindburst (15)
 v - a wand of charming (2)
 A - a wand of paralysis (19)
Scrolls
 g - a scroll of identify
 l - a scroll of enchant weapon
 q - 7 scrolls of teleportation
 s - 2 scrolls of magic mapping
 D - a scroll of summoning {unknown}
Potions
 f - a potion of invisibility
 j - 6 potions of haste
 k - a potion of brilliance
 m - a potion of mutation {unknown}
 o - 2 potions of might
 p - a potion of cancellation {unknown}
 t - 4 potions of degeneration


   Skills:
 + Level 6.9 Fighting
 + Level 5.1 Short Blades
 + Level 5.1 Long Blades
 + Level 5.1 Axes
 + Level 5.1 Maces & Flails
 + Level 5.1 Polearms
 + Level 5.1 Staves
 + Level 5.1 Slings
 + Level 5.1 Bows
 + Level 5.8 Crossbows
 + Level 5.8 Throwing
 + Level 6.9 Armour
 + Level 5.1 Dodging
 + Level 5.1 Stealth
 + Level 5.1 Shields
 + Level 5.1 Unarmed Combat
 + Level 7.2 Spellcasting
 + Level 4.2 Conjurations
 + Level 4.2 Hexes
 + Level 4.2 Summonings
 + Level 4.2 Necromancy
 + Level 4.2 Translocations
 + Level 4.2 Transmutations
 + Level 4.8 Fire Magic
 + Level 4.2 Ice Magic
 + Level 4.2 Air Magic
 + Level 4.2 Earth Magic
 + Level 4.2 Poison Magic
 + Level 5.6 Invocations
 + Level 5.8 Evocations


You had 20 spell levels left.
You knew the following spells:

 Your Spells              Type           Power      Damage    Failure   Level
a - Ozocubu's Armour      Ice            34%        N/A       5%          3

Your spell library contained the following spells:

 Spells                   Type           Power      Damage    Failure   Level
 Ensorcelled Hibernation  Hex/Ice        68%        N/A       2%          2
 Spider Form              Tmut/Pois      17%        N/A       5%          3
 Summon Guardian Golem    Hex/Summ       34%        N/A       5%          3
 Fulminant Prism          Conj/Hex       17%        3d11      17%         4
 Hailstorm                Conj/Ice       34%        3d9       17%         4
 Ice Form                 Ice/Tmut       34%        N/A       17%         4
 Iskenderun's Mystic Bla  Conj/Tloc      34%        2d8       17%         4
 Lee's Rapid Deconstruct  Erth           17%        3d11*     43%         5
 Metabolic Englaciation   Hex/Ice        17%        N/A       43%         5
 Simulacrum               Ice/Necr       17%        N/A       95%         6
 Orb of Destruction       Conj           17%        9d8       100%        7
 Spellforged Servitor     Conj/Summ      17%        N/A       100%        7


Dungeon Overview and Level Annotations

Branches:
Dungeon (8/15)             Temple (1/1) D:6           Sewer (visited)
   Lair: D:8-11

Altars:
Ashenzari
Cheibriados
Dithmenos
Fedhas
Gozag
Hepliaklqana
Kikubaaqudgha
Makhleb
Nemelex Xobeh
Okawaru
Qazlal
Ru
Sif Muna
Trog
Uskayaw
Vehumet
Wu Jian
Xom
Yredelemnul
Zin
The Shining One

Shops:
D:5 *

Annotations:
D:6 1 runed translucent door, bande's ghost, amateur GrFi


Innate Abilities, Weirdness & Mutations

You are a tree.
Your roots penetrate the ground, keeping you stationary.
You cannot be teleported.
You are immune to unholy pain and torment.
Your maximum health is greatly increased.
Your equipment is partially melded.
((You have very sharp teeth.))
Your uncanny sense of smell can sniff out nearby items.
Your experience applies equally to all skills.


Message History

There are monsters nearby!
You sock the killer bee!
You feel better.
The killer bee is severely wounded.
You block the killer bee's attack. The killer bee stings you.
* * * LOW HITPOINT WARNING * * *
You are poisoned.
The killer bee poisons you!
You closely miss the killer bee.
The killer bee is severely wounded.
You feel very sick.
The killer bee stings you but does no damage. x2
The killer bee stings you.
* * * LOW HITPOINT WARNING * * *
You sock the killer bee!
You kill the killer bee!
Cheibriados thoroughly appreciates the change of pace.
You feel sick.
The hornet stings you but does no damage.
You miss the hornet.
You feel sick.
The hornet stings you but does no damage.
It was a potion of brilliance.
You feel clever all of a sudden.
You feel sick.
The hornet stings you but does no damage. x2
It was a potion of might.
You feel very mighty all of a sudden.
You feel sick.
The hornet stings you but does no damage.
It was a potion of degeneration.
There was something very wrong with that liquid.
You feel weakened.
You feel dopey.
You feel clumsy.
You feel sick. You block the hornet's attack.
The hornet stings you but does no damage.
You thump the hornet!
You feel better.
The hornet is heavily wounded.
You feel sick.
You are no longer poisoned.
The hornet stings you but does no damage.
The hornet stings you!
You die...

## ## .. .##. ##
######## ... ..
#......# ..#.#
#......# ...
#......####o##.#.#
#.....$.♣yyooy....
#......#####o#.#.#
######.# # #.#
#.###### #
#......# .#
###......#.>#
#...........
#.##)....##.


You could see a hornet, 2 killer bees, an orc priest and 3 orcs.

Vanquished Creatures
  The ghost of Jamsdnucbuo the Poker, an amateur TeGl (D:3)
  3 vampire mosquitoes (D:7)
  A water moccasin (D:5)
  An orc warrior (D:6)
  2 ice beasts
  2 black bears
  A necrophage (D:5)
  3 ogres
  3 centaurs
  2 phantoms
  2 kobold brigands
  A bullfrog (D:7)
  5 scorpions
  A water moccasin zombie (D:6)
  3 wyvern zombies
  4 killer bees (D:8)
  4 wights (D:8)
  A howler monkey (D:6)
  A centaur zombie (D:6)
  5 hounds
  2 gnoll shamans
  A centaur skeleton (D:6)
  4 orc priests
  3 bullfrog skeletons
  2 iguanas
  An orc wizard (D:5)
  A killer bee zombie (D:6)
  A howler monkey zombie (D:6)
  Robin (D:4)
  16 gnolls
  11 adders
  A shadow imp (D:5)
  An ufetubus (D:5)
  5 worms
  3 dart slugs
  12 orcs
  9 endoplasms
  3 giant cockroaches (D:1)
  18 goblins
  6 hobgoblins
  4 jackals
  37 kobolds
  A quokka (D:3)
  11 ball pythons
  2 bats
  7 frilled lizards
  32 rats
241 creatures vanquished.

Vanquished Creatures (collateral kills)
  An orc priest (D:7)
  An orc wizard (D:7)
2 creatures vanquished.

Vanquished Creatures (others)
  A vampire mosquito (D:7)
  A kobold brigand (Sewer)
  A wight (D:8)
  A kobold (D:3)
  A fungus (D:3)
  3 plants (D:3)
8 creatures vanquished.

Grand Total: 251 creatures vanquished

Notes
Turn   | Place    | Note
-------+----------+-------------------------------------------
     0 | D:1      | frimble the Gnoll Wanderer began the quest for the Orb.
     0 | D:1      | frimble set off with the following items: a +2 hand
                  | crossbow, 29 bolts, a scroll of teleportation, a potion of
                  | lignification, a +0 robe
     0 | D:1      | Reached XP level 1. HP: 20/20 MP: 6/6
    70 | D:1      | Reached XP level 2. HP: 26/26 MP: 7/7
   374 | D:1      | Reached XP level 3. HP: 31/31 MP: 9/9
   421 | D:1      | Reached skill level 5 in Spellcasting
   735 | D:2      | Reached skill level 1 in Invocations
   830 | D:2      | Reached skill level 1 in Short Blades
   830 | D:2      | Reached skill level 1 in Long Blades
   830 | D:2      | Reached skill level 1 in Axes
   830 | D:2      | Reached skill level 1 in Maces & Flails
   830 | D:2      | Reached skill level 1 in Polearms
   830 | D:2      | Reached skill level 1 in Staves
   830 | D:2      | Reached skill level 1 in Slings
   830 | D:2      | Reached skill level 1 in Bows
   830 | D:2      | Reached skill level 1 in Dodging
   830 | D:2      | Reached skill level 1 in Stealth
   830 | D:2      | Reached skill level 1 in Shields
   830 | D:2      | Reached skill level 1 in Unarmed Combat
   885 | D:2      | Reached XP level 4. HP: 38/38 MP: 11/11
  1198 | D:2      | Found a bloodstained altar of Trog.
  1276 | D:2      | Reached skill level 1 in Conjurations
  1276 | D:2      | Reached skill level 1 in Hexes
  1276 | D:2      | Reached skill level 1 in Summonings
  1276 | D:2      | Reached skill level 1 in Necromancy
  1276 | D:2      | Reached skill level 1 in Translocations
  1276 | D:2      | Reached skill level 1 in Transmutations
  1276 | D:2      | Reached skill level 1 in Ice Magic
  1276 | D:2      | Reached skill level 1 in Air Magic
  1276 | D:2      | Reached skill level 1 in Earth Magic
  1276 | D:2      | Reached skill level 1 in Poison Magic
  1735 | D:3      | Noticed a scorpion
  1744 | D:3      | Killed a scorpion
  1745 | D:3      | Reached XP level 5. HP: 22/43 MP: 12/12
  2236 | D:3      | Found a faded altar of an unknown god.
  2261 | D:3      | Found a glowing drain.
  2273 | Sewer    | Entered a sewer
  2605 | Sewer    | Reached XP level 6. HP: 21/50 MP: 13/13
  2816 | Sewer    | Upgraded the game from 0.28-a0-305-g9e858e973b to
                  | 0.28-a0-312-gbced6e68ee
  3219 | Sewer    | Reached skill level 5 in Fighting
  3219 | Sewer    | Reached skill level 5 in Armour
  4056 | D:3      | Found a runed translucent gate.
  4057 | D:3      | Found a runed translucent gate.
  4057 | D:3      | Noticed Jamsdnucbuo's ghost (amateur TeGl)
  4058 | D:3      | Found a runed translucent gate.
  4437 | D:4      | Noticed a black bear
  4447 | D:4      | Killed a black bear
  4448 | D:4      | Reached XP level 7. HP: 13/56 MP: 15/15
  5178 | D:4      | Noticed Robin
  5196 | D:4      | Killed Robin
  5760 | D:4      | Learned a level 3 spell: Ozocubu's Armour
  5802 | D:5      | Entered Level 5 of the Dungeon
  6105 | D:5      | Reached XP level 8. HP: 16/63 MP: 13/16
  7183 | D:5      | Reached skill level 6 in Spellcasting
  7585 | D:5      | Found Jiutzaoph's Assorted Antiques.
  7589 | D:5      | Bought a bubbling yellow potion for 18 gold pieces
  7589 | D:5      | Bought a scroll labelled UZIUSI NENUYSS for 21 gold pieces
  7589 | D:5      | Bought a scroll labelled DISAMMIBOLY for 21 gold pieces
  7836 | D:5      | Identified the +2 robe of Nol Moam {Int+6}
  8176 | D:6      | HP: 3/64 [gnoll (8)]
  8422 | D:6      | Noticed bande's ghost (amateur GrFi)
  8425 | D:6      | Found a runed translucent door.
  8489 | D:6      | Found a staircase to the Ecumenical Temple.
  8524 | D:6      | Reached XP level 9. HP: 49/69 MP: 15/18
  9046 | D:6      | Identified the +2 helmet of Untruth {Regen+ Str-4 Dex+8
                  | Stlth-}
  9121 | D:6      | Reached skill level 5 in Crossbows
  9121 | D:6      | Reached skill level 5 in Throwing
  9121 | D:6      | Reached skill level 5 in Evocations
  9513 | D:3      | Killed Jamsdnucbuo's ghost
  9514 | D:3      | Reached skill level 5 in Invocations
  9719 | D:7      | Reached skill level 7 in Spellcasting
  9725 | D:7      | Reached XP level 10. HP: 36/77 MP: 20/20
  9816 | D:7      | Reached skill level 5 in Short Blades
  9816 | D:7      | Reached skill level 5 in Long Blades
  9816 | D:7      | Reached skill level 5 in Axes
  9816 | D:7      | Reached skill level 5 in Maces & Flails
  9816 | D:7      | Reached skill level 5 in Polearms
  9816 | D:7      | Reached skill level 5 in Staves
  9816 | D:7      | Reached skill level 5 in Slings
  9816 | D:7      | Reached skill level 5 in Bows
  9816 | D:7      | Reached skill level 5 in Dodging
  9816 | D:7      | Reached skill level 5 in Stealth
  9816 | D:7      | Reached skill level 5 in Shields
  9816 | D:7      | Reached skill level 5 in Unarmed Combat
  9819 | D:7      | Identified the +8 mace of Frustration {vamp, rElec rC+ rN+}
 10263 | Temple   | Entered the Ecumenical Temple
 10350 | Temple   | Became a worshipper of Cheibriados the Contemplative
 10597 | D:8      | Slain by a hornet

Illustrated notes

Levels and vault maps discovered:
D:1:      dpeg_arrival_simpleton_b, layout_basic, minmay_misc_feat_diagonals
D:2:      layout_rooms, basic_altar, corexii_item_surrounded_by_moat,
          minmay_diced_spiral
D:3:      layout_loops_cross, cheibrodos_sewer_entry_sluice,
          gammafunk_ghost_nasty_kobolds, basic_ecumenical_altar
D:4:      layout_basic, nrook_campfire, uniq_robin
D:5:      layout_loops_cross, serial_shops, shop, minmay_misc_feat_ornament,
          kennysheep_small_circle
D:6:      minmay_chambers_of_threes, layout_rooms, temple_doors_ab,
          hellmonk_ghost_happy_afterlife
D:7:      layout_cave_pools
D:8:      lemuel_ice_statue, layout_basic, kennysheep_cross_bottleneck,
          uniq_maurice
Temple:   compressed_dpeg_triangle_lava_temple

Skill      XL: |  1  2  3  4  5  6  7  8  9 10 |
---------------+-------------------------------+-----
Fire Magic     | 2 3 4 |  4.8
Spellcasting   | 5 6 7 |  7.2
Invocations    | 1 2 3 4 5 |  5.6
Short Blades   | 1 2 3 4 5 |  5.1
Long Blades    | 1 2 3 4 5 |  5.1
Axes           | 1 2 3 4 5 |  5.1
Maces & Flails | 1 2 3 4 5 |  5.1
Polearms       | 1 2 3 4 5 |  5.1
Staves         | 1 2 3 4 5 |  5.1
Slings         | 1 2 3 4 5 |  5.1
Bows           | 1 2 3 4 5 |  5.1
Dodging        | 1 2 3 4 5 |  5.1
Stealth        | 1 2 3 4 5 |  5.1
Shields        | 1 2 3 4 5 |  5.1
Unarmed Combat | 1 2 3 4 5 |  5.1
Conjurations   | 1 2 3 4 |  4.2
Hexes          | 1 2 3 4 |  4.2
Summonings     | 1 2 3 4 |  4.2
Necromancy     | 1 2 3 4 |  4.2
Translocations | 1 2 3 4 |  4.2
Transmutations | 1 2 3 4 |  4.2
Ice Magic      | 1 2 3 4 |  4.2
Air Magic      | 1 2 3 4 |  4.2
Earth Magic    | 1 2 3 4 |  4.2
Poison Magic   | 1 2 3 4 |  4.2
Crossbows      | 3 4 5 |  5.8
Throwing       | 3 4 5 |  5.8
Evocations     | 3 4 5 |  5.8
Fighting       | 5 6 |  6.9
Armour         | 5 6 |  6.9

Action                   |  1- 3 |  4- 6 |  7- 9 | 10-12 || total
-------------------------+-------+-------+-------+-------++-------
Melee: Short sword       |       |   177 |   145 |       ||   322
       Bite              |       |    14 |    40 |    10 ||    64
       Punch             |       |     1 |     8 |     1 ||    10
       Whip              |       |       |   265 |     8 ||   273
       Mace              |       |       |       |    54 ||    54
 Fire: Hand crossbow     |    89 |    55 |    74 |    12 ||   230
Throw: Throwing net      |       |       |     3 |       ||     3
 Cast: Ozocubu's Armour  |       |       |    10 |       ||    10
Evoke: Wand              |       |       |     1 |     3 ||     4
  Use: Scroll            |       |     6 |     6 |       ||    12
       Potion            |       |     2 |     3 |     5 ||    10
 Stab: Held in net/web   |       |       |     1 |       ||     1
       Sleeping          |       |       |       |     1 ||     1
Armor: Robe              |     3 |    29 |   147 |    12 ||   191
       Skin              |       |       |       |    10 ||    10
Dodge: Dodged            |     4 |    94 |   283 |    59 ||   440
Block: Other             |     1 |    43 |   125 |    20 ||   189
       Reflection        |       |     1 |     5 |     1 ||     7

Table legend: (Time is in decaauts)
 A = Elapsed time spent in this place.
 B = Non-inter-level travel time spent in this place.
 C = Inter-level travel time spent in this place.
 D = Time resting spent in this place.
 E = Time spent auto-exploring this place.
 F = Levels seen in this place.
 G = Mean time per level.
                   A        B        C        D        E       F      G
               +--------+--------+--------+--------+--------+-----+--------+
         Total |  10690 |  10212 |    478 |    790 |   7347 |  10 | 1069.0 |
       Dungeon |   9282 |   8826 |    456 |    790 |   6221 |   8 | 1160.2 |
        Temple |    106 |     85 |     21 |      0 |     71 |   1 |  106.0 |
         Sewer |   1301 |   1301 |      0 |      0 |   1055 |   1 | 1301.0 |
               +--------+--------+--------+--------+--------+-----+--------+

Top non-repeatable levels by time:
     D:3: 1796 daAuts
     D:4: 1787 daAuts
     D:5: 1594 daAuts
     D:6: 1573 daAuts
   Sewer: 1301 daAuts
     D:2: 970 daAuts
     D:1: 736 daAuts
     D:7: 624 daAuts
     D:8: 199 daAuts
  Temple: 106 daAuts
